 Dungeon Crawl Stone Soup version 0.26-a0-812-g31a745ddcd (webtiles) character file.

Game seed: 8584363460974619315

1 Borgoz the Slasher (level 1, 0/17 HPs)
             Began as a Ghoul Gladiator on Dec 7, 2020.
             Slain by a leopard gecko (3 damage)
             ... on level 1 of the Dungeon.
             The game lasted 00:00:15 (57 turns).

Borgoz the Slasher (Ghoul Gladiator)                  Turns: 57, Time: 00:00:16

Health: 0/17       AC:  4    Str: 17    XL:     1   Next: 20%
Magic:  0/0        EV: 12    Int:  3    God:
Gold:   0          SH:  0    Dex: 10    Spells: 0/0 levels left

rFire    . . .     SeeInvis .   a - +0 long sword
rCold    + . .     Faith    .   (no shield)
rNeg     + + +     Spirit   .   b - +0 leather armour
rPois    ∞         Reflect  .   c - +0 helmet
rElec    .         Harm     .   (no cloak)
rCorr    .         Rampage  .   (no gloves)
MR       .....                  (no boots)
Stlth    +.........             (no amulet)
HPRegen  0.00/turn              (no ring)
MPRegen  0.07/turn              (no ring)

@: no status effects
A: rotting body, claws 1, cold resistance 1, negative energy resistance 3,
inhibited regeneration, torment resistance, unbreathing
a: no special abilities


You were on level 1 of the Dungeon.
You visited 1 branch of the dungeon, and saw 1 of its levels.

Inventory:

Hand Weapons
 a - a +0 long sword (weapon)
Missiles
 d - a throwing net (quivered)
Armour
 b - a +0 leather armour (worn)
 c - a +0 helmet (worn)
Scrolls
 e - a scroll of identify {unknown}
 f - a scroll of remove curse {unknown}
Potions
 g - a potion of mutation {unknown}


   Skills:
 * Level 2.2 Fighting
 * Level 2.7 Long Blades
 - Level 1.7 Throwing
 * Level 0.1 Armour
 + Level 2.7 Dodging


You couldn't memorise any spells.
You didn't know any spells.
Your spell library was empty.

Dungeon Overview and Level Annotations

Branches:
Dungeon (1/15)

Altars:


Innate Abilities, Weirdness & Mutations

Your body is rotting away.
You thrive by killing the living.
You are immune to poison.
You have sharp fingernails.
Your flesh is cold resistant. (rC+)
You are immune to negative energy. (rN+++)
You do not regenerate when monsters are visible.
You are immune to unholy pain and torment.
You can survive without breathing.


Message History

You closely miss the leopard gecko. The leopard gecko closely misses you.
The leopard gecko bites you.
You miss the leopard gecko. The leopard gecko closely misses you.
You closely miss the leopard gecko. The leopard gecko bites you. x2
You are too injured to fight recklessly!
You are too injured to fight recklessly!
Throwing (i - inventory)
d - 3 throwing nets (quivered)
Press: ? - help, Shift-Dir - straight line, f - leopard gecko
Aim: a leopard gecko You throw a throwing net.
The throwing net barely misses the leopard gecko.
The leopard gecko bites you.
* * * LOW HITPOINT WARNING * * *
Throwing (i - inventory)
d - 2 throwing nets (quivered)
Press: ? - help, Shift-Dir - straight line, f/p - leopard gecko
Aim: a leopard gecko You throw a throwing net.
The throwing net closely misses the leopard gecko.
The leopard gecko bites you.
You die...

######.# #..#.# ..
#######.#####..#.###..#
..................... #.
................... ...
....#.###.###.##.###..#.
### #...........$.......
#...................
#...#.###.##.###?.#
#......##.##@# .
............l........
#.#.###.###.##$####.#.
#.... .......... .....
......##.. .# #..# #..#
#..#


You could see a leopard gecko.

Vanquished Creatures
  A hobgoblin (D:1)
1 creature vanquished.

Notes
Turn   | Place    | Note
-------+----------+-------------------------------------------
     0 | D:1      | Borgoz the Ghoul Gladiator began the quest for the Orb.
     0 | D:1      | Reached XP level 1. HP: 17/17 MP: 0/0
    57 | D:1      | Slain by a leopard gecko

Illustrated notes

Levels and vault maps discovered:
D:1:      shiori_arrival_whats_in_store_for_you, layout_basic, tso_altar

Action                   || total
-------------------------++-------
Melee: Long sword        ||     6
Throw: Throwing net      ||     2
Dodge: Dodged            ||     5

Table legend: (Time is in decaauts)
 A = Elapsed time spent in this place.
 B = Non-inter-level travel time spent in this place.
 C = Inter-level travel time spent in this place.
 D = Time resting spent in this place.
 E = Time spent auto-exploring this place.
 F = Levels seen in this place.
 G = Mean time per level.
                   A        B        C        D        E       F      G
               +--------+--------+--------+--------+--------+-----+--------+
         Total |     58 |     58 |      0 |      0 |     43 |   1 |   58.0 |
       Dungeon |     58 |     58 |      0 |      0 |     43 |   1 |   58.0 |
               +--------+--------+--------+--------+--------+-----+--------+

Top non-repeatable levels by time:
     D:1: 58 daAuts
